Map: Rhoskallian LE

Players

Vulcan

  • Race: Protoss Protoss
  • Spawn Location: 11:00

Troniak

  • Race: Protoss Protoss
  • League: Diamond
  • Spawn Location: 12:00

Ekelpack - Winner!

  • Race: Zerg Zerg
  • Spawn Location: 6:00

Nyck - Winner!

  • Race: Terran Terran
  • Spawn Location: 5:00

VOD

Have the link to the VOD?

Description

Time

  • Played on: April 18, 2025, 2:32 p.m.
  • Length: 15:49
Show
View Real Time Build Order
Export as new Build Order

Vulcan Protoss 

Build Orders: Nexus First, Zealot Archon 

Get SALT Encoding   

  12  0:00  Probe  
  13  0:12  Probe  
  14  0:24  Probe  
  15  0:50  Nexus  
  15  0:55  Pylon  
  15  1:13  Probe  
  16  1:20  Gateway  
  16  1:28  Assimilator  
  16  1:32  Assimilator, Pylon  
  16  1:33  Probe  
  17  1:41  Probe  
  18  1:51  Probe  
  19  1:59  Zealot  
  19  2:03  Probe  
  19  2:05  Probe  
  23  2:15  Probe  
  24  2:27  Probe  
  25  2:30  Probe  
  25  2:31  Cybernetics Core  
  26  2:39  Zealot  
  26  2:40  Probe  
  29  2:45  Probe  
  30  2:58  Warp Gate  
  30  3:01  Probe  
  30  3:02  Probe  
  32  3:19  Probe x2  
  34  3:29  Gateway  
  34  3:31  Probe  
  34  3:32  Probe  
  36  3:39  Adept  
  38  3:55  Probe x2  
  40  4:07  Probe x2  
  40  4:08  Forge  
  42  4:15  Twilight Council  
  42  4:19  Probe  
  42  4:20  Probe  
  42  4:23  Assimilator, Adept  
  46  4:26  Assimilator  
  46  4:34  Pylon  
  46  4:40  Pylon  
  46  4:46  Pylon  
  46  4:49  Stalker, Pylon  
  48  4:53  Probe  
  48  4:54  Probe  
  50  5:03  Templar Archives  
  50  5:05  Probe  
  50  5:06  Probe  
  52  5:07  Gateway  
  52  5:08  Gateway  
  52  5:10  Pylon x2  
  52  5:12  Robotics Facility  
  52  5:17  Probe  
  53  5:22  Protoss Ground Weapons Level 1  
  53  5:23  Stalker  
  53  5:26  Blink  
  55  5:29  Psionic Storm  
  55  5:46  High Templar  
  55  5:59  High Templar  
  55  6:04  Archon  
  57  6:11  High Templar x2  
  57  6:16  Archon  
  61  6:20  Probe  
  61  6:22  Observer  
  63  6:26  Stalker  
  65  6:36  High Templar  
  67  6:45  Forge  
  67  6:50  Forge  
  67  6:51  High Templar x2  
  71  7:01  Stalker  
  71  7:08  Protoss Ground Armor Level 1  
  73  7:22  Protoss Shields Level 1  
  73  7:32  High Templar  
  69  7:55  High Templar  
  71  7:59  Archon  
  71  8:08  Stalker x2  
  71  8:09  Stalker  
  77  8:17  Nexus  
  77  8:21  Assimilator x2  
  77  8:42  High Templar x3  
  83  9:11  Stalker  
  85  9:41  Stalker  
  85  9:42  Stalker x3  
  93  9:47  Protoss Ground Armor Level 2, Protoss Ground Weapons Level 2  
  93  9:48  Protoss Shields Level 2  
  93  10:06  Stalker x3  
  99  10:07  Stalker  
  99  10:11  Probe x3  
  104  10:23  Probe  
  104  10:24  Probe x2  
  107  10:35  Probe  
  108  10:36  Probe  
  109  10:44  Pylon x2  
  109  10:45  Pylon  
  109  10:46  Pylon x2  
  109  11:02  Probe  
  110  11:13  Stalker x4  
  110  11:18  Observer  
  119  11:43  Nexus  
  119  11:45  Protoss Ground Weapons Level 3  
  119  11:53  Protoss Ground Armor Level 3  
  119  11:57  High Templar  
  119  11:58  High Templar x3  
  127  12:04  Protoss Shields Level 3  
  127  12:30  Gateway  
  127  12:33  Gateway x2  
  127  12:34  Gateway  
  127  12:36  Gateway  
  79  13:26  Stalker x4  
  63  13:35  Stalker x5  
  51  14:00  Stalker  
  51  14:01  Stalker x6  
  51  14:02  Stalker x2  
  29  14:27  Stalker  
  29  14:28  Stalker x3  
  29  14:29  Stalker x2  
  29  14:30  Stalker  
Show
View Real Time Build Order
Export as new Build Order

Troniak Protoss 

Build Orders: Zealot Archon 

Get SALT Encoding   

  12  0:01  Probe  
  13  0:13  Probe  
  14  0:23  Pylon  
  14  0:26  Probe  
  15  0:41  Probe  
  15  0:42  Gateway  
  16  0:54  Probe  
  17  1:01  Pylon  
  17  1:06  Probe  
  17  1:07  Assimilator  
  17  1:09  Assimilator  
  18  1:18  Probe  
  19  1:26  Probe  
  20  1:34  Probe  
  20  1:35  Zealot  
  23  1:44  Probe  
  24  1:57  Nexus  
  24  2:01  Probe  
  25  2:14  Probe  
  26  2:24  Cybernetics Core  
  26  2:26  Probe  
  26  2:28  Zealot  
  29  2:38  Probe  
  29  2:42  Assimilator, Warp Gate  
  30  2:47  Assimilator  
  30  2:49  Probe  
  31  2:57  Pylon  
  31  3:05  Probe  
  31  3:11  Pylon  
  32  3:13  Probe  
  32  3:15  Probe  
  34  3:23  Sentry  
  34  3:25  Probe  
  37  3:27  Probe  
  38  3:37  Probe  
  38  3:39  Probe  
  40  3:47  Gateway  
  40  3:49  Gateway, Probe  
  40  3:51  Probe  
  42  4:01  Probe  
  43  4:04  Twilight Council, Probe  
  43  4:08  Pylon  
  44  4:13  Stalker, Probe  
  44  4:16  Probe  
  48  4:25  Probe  
  48  4:28  Probe  
  50  4:36  Charge  
  50  4:38  Robotics Facility  
  50  4:40  Robotics Facility  
  50  4:44  Pylon  
  50  4:49  Zealot x2  
  50  4:52  Sentry  
  56  5:01  Probe x2  
  58  5:13  Templar Archives  
  58  5:19  Stalker x3  
  64  5:24  Pylon  
  64  5:34  Observer x2  
  66  5:38  Stargate  
  66  5:40  Stargate  
  66  5:43  Stalker x2  
  70  5:52  Forge  
  70  5:57  Stalker  
  72  6:05  Probe x2  
  74  6:16  Blink  
  74  6:17  High Templar x2  
  78  6:25  Probe x2  
  84  6:36  Void Ray, Pylon  
  84  6:37  Probe x2  
  84  6:38  Pylon  
  86  6:45  Pylon  
  86  6:46  Nexus  
  86  6:48  Archon  
  86  6:54  Probe x2  
  86  6:56  Pylon  
  88  7:03  Stalker x2  
  88  7:04  Stalker  
  94  7:08  Probe  
  94  7:09  Probe  
  94  7:10  Shield Battery  
  94  7:11  Shield Battery  
  96  7:16  Probe  
  96  7:17  Probe  
  98  7:23  Protoss Air Weapons Level 1  
  98  7:24  Protoss Shields Level 1  
  98  7:26  Probe x2  
  96  7:38  Probe x2, High Templar x3  
  104  7:46  Archon  
  104  7:50  Probe x2  
  106  7:59  Pylon, Stargate  
  106  8:00  Pylon  
  106  8:01  Photon Cannon  
  106  8:03  Photon Cannon  
  106  8:04  Assimilator  
  106  8:05  Probe x2  
  107  8:08  Assimilator  
  112  8:18  Void Ray  
  112  8:19  Pylon  
  112  8:20  Pylon  
  112  8:32  Probe  
  106  8:40  Probe  
  106  8:41  Photon Cannon  
  106  8:42  Photon Cannon  
  106  8:48  Probe  
  108  8:59  Probe  
  108  9:01  Nexus  
  108  9:02  Photon Cannon  
  109  9:04  Photon Cannon  
  109  9:07  Void Ray  
  117  9:10  Void Ray  
  117  9:11  Probe  
  117  9:16  Observer  
  109  9:44  Void Ray  
  113  9:47  Void Ray  
  113  9:48  Protoss Shields Level 2  
  113  9:52  Probe x3  
  120  9:54  Assimilator  
  120  9:55  Stargate x2  
  120  9:57  Protoss Air Armor Level 1  
  120  10:04  Probe x3  
  120  10:06  Fleet Beacon  
  123  10:16  Probe x4  
  131  10:21  Assimilator  
  131  10:24  Pylon  
  131  10:27  Void Ray, Pylon x2  
  135  10:28  Pylon  
  135  10:30  Void Ray  
  135  10:49  Void Ray  
  139  11:00  Probe x3  
  139  11:01  Probe  
  139  11:02  Void Ray  
  139  11:04  Void Ray, Flux Vanes  
  147  11:07  Photon Cannon  
  147  11:09  Photon Cannon  
  155  11:11  Photon Cannon  
  155  11:15  Void Ray, Photon Cannon  
  155  11:17  Photon Cannon  
  155  11:23  Cybernetics Core, Void Ray  
  159  11:33  Zealot x3  
  159  11:39  Probe x3  
  172  11:42  Void Ray  
  172  11:44  Void Ray  
  176  11:51  Protoss Air Weapons Level 2  
  176  11:53  Void Ray  
  180  11:59  Void Ray  
  172  12:15  Void Ray  
  172  12:19  Void Ray  
  172  12:21  Observer  
  181  12:25  Probe  
  181  12:26  Carrier  
  192  12:40  Nexus  
  192  12:41  Void Ray  
  192  12:42  Pylon  
  192  12:43  Pylon  
  192  12:45  Pylon  
  192  12:47  Pylon  
  192  12:50  Pylon  
  192  12:53  Pylon  
  197  13:03  Void Ray x2  
  146  13:17  Zealot x2  
  129  13:24  Zealot, Void Ray  
  129  13:25  Zealot x2  
  105  13:36  Void Ray  
  109  13:46  Void Ray x2  
  101  13:59  Assimilator  
  101  14:00  Assimilator, Carrier  
  105  14:04  Photon Cannon  
  105  14:05  Photon Cannon  
  105  14:06  Void Ray, Photon Cannon  
  105  14:09  Unknown  
  87  14:19  Zealot x2  
  87  14:20  Void Ray x2  
  81  14:39  Void Ray  
  73  14:55  Void Ray x2  
  73  14:56  Void Ray  
  73  14:59  Fleet Beacon  
  81  15:00  Probe x3  
  88  15:12  Probe x2  
Show
View Real Time Build Order
Export as new Build Order

Ekelpack Zerg - Winner!

Build Orders: Hatch First 

Get SALT Encoding   

  12  0:00  Drone  
  13  0:13  Overlord  
  13  0:18  Drone  
  14  0:31  Drone x2  
  14  0:34  Drone  
  17  0:52  Hatchery  
  17  0:54  Drone  
  17  0:57  Extractor  
  16  1:05  Drone  
  17  1:15  Spawning Pool  
  16  1:21  Drone  
  16  1:22  Drone  
  18  1:30  Drone  
  19  1:42  Drone  
  20  2:03  Metabolic Boost  
  20  2:04  Queen  
  20  2:06  Queen  
  24  2:10  Drone  
  24  2:14  Drone  
  26  2:20  Overlord  
  26  2:24  Drone  
  26  2:27  Drone  
  28  2:39  Drone  
  28  2:42  Lair  
  28  2:43  Zergling x4  
  31  2:47  Drone  
  32  2:54  Drone  
  33  2:58  Extractor  
  33  3:00  Drone  
  33  3:09  Drone x3  
  33  3:11  Extractor  
  35  3:13  Overlord  
  35  3:18  Drone  
  36  3:33  Drone x6  
  42  3:35  Extractor  
  40  3:46  Drone x2  
  40  3:47  Drone  
  43  3:54  Overlord, Spire  
  42  3:56  Drone  
  43  4:07  Overlord  
  43  4:19  Zergling x10  
  48  4:27  Overlord  
  48  4:32  Queen  
  48  4:34  Zergling x6  
  53  4:49  Drone x3  
  56  4:54  Overlord x2  
  56  5:09  Mutalisk x3  
  56  5:10  Mutalisk x2  
  56  5:12  Zerg Flyer Weapons Level 1  
  66  5:38  Hatchery  
  65  5:44  Drone x3, Overlord  
  65  5:45  Overlord  
  68  6:02  Zergling x2, Mutalisk x7  
  83  6:17  Mutalisk  
  85  6:26  Overseer x2  
  85  6:45  Infestation Pit  
  84  6:50  Drone x9  
  84  6:51  Overlord  
  93  7:03  Drone x3  
  93  7:08  Zerg Flyer Weapons Level 2  
  96  7:12  Extractor  
  96  7:14  Extractor  
  94  7:19  Evolution Chamber  
  94  7:21  Evolution Chamber  
  90  7:51  Zerg Melee Weapons Level 1  
  90  7:52  Zerg Ground Armor Level 1  
  90  7:53  Hive  
  90  7:54  Drone x7  
  97  8:03  Drone x3  
  100  8:21  Zergling x2  
  100  8:22  Zergling x14  
  100  8:24  Queen x2  
  93  9:45  Pneumatized Carapace  
  93  9:54  Zerg Melee Weapons Level 2, Adrenal Glands, Zerg Ground Armor Level 2  
  93  9:59  Ultralisk Cavern  
  92  10:05  Greater Spire  
  93  10:07  Zergling x12  
  93  10:08  Zergling x26, Overlord x2  
  93  10:09  Overlord x3  
  111  10:20  Overlord  
  111  10:21  Overlord x2  
  111  10:30  Zergling x16  
  119  10:47  Chitinous Plating  
  119  10:49  Ultralisk x2  
  173  10:50  Ultralisk x7  
  173  10:51  Overlord  
  173  10:52  Overlord x3  
  173  11:08  Zergling x8  
  177  11:12  Ultralisk x2  
  177  11:13  Ultralisk  
  177  11:14  Zergling x4  
  177  11:15  Zergling x4  
  198  12:04  Zergling x6  
  198  12:06  Anabolic Synthesis  
  193  12:18  Hatchery  
  193  12:22  Zerg Melee Weapons Level 3  
  192  12:23  Zerg Ground Armor Level 3  
  192  12:25  Ultralisk  
  198  12:44  Extractor  
  198  12:47  Extractor  
  196  12:53  Hatchery  
  173  13:06  Ultralisk x5  
  182  13:17  Ultralisk  
  182  13:19  Zergling x2  
  169  13:20  Zergling x32  
  169  13:21  Zergling x16  
  168  14:03  Ultralisk x3  
  178  14:21  Zergling x2, Ultralisk x2  
  178  14:23  Drone x9  
  198  14:32  Zergling x2  
  199  14:45  Zergling x2  
  200  15:25  Extractor  
  200  15:28  Extractor  
Show
View Real Time Build Order
Export as new Build Order

Nyck Terran - Winner!

Build Orders: Command Center First 

Get SALT Encoding   

  12  0:00  SCV  
  13  0:13  SCV  
  14  0:25  Supply Depot  
  14  0:40  SCV  
  15  0:58  Command Center  
  15  1:01  SCV  
  16  1:08  Refinery  
  16  1:14  Refinery  
  16  1:16  SCV  
  17  1:28  SCV  
  18  1:34  Barracks  
  18  1:49  SCV  
  19  2:02  SCV  
  20  2:10  SCV  
  21  2:21  Orbital Command  
  21  2:24  Factory  
  21  2:25  SCV  
  22  2:37  SCV  
  22  2:41  Refinery  
  22  2:42  Refinery  
  23  2:47  SCV  
  23  2:50  SCV  
  25  2:56  Supply Depot  
  25  3:03  Barracks Tech Lab  
  25  3:06  SCV  
  25  3:08  SCV  
  27  3:16  Factory Tech Lab  
  27  3:19  Starport  
  27  3:25  Starport  
  27  3:26  SCV  
  28  3:32  SCV  
  29  3:44  SCV  
  30  3:52  Siege Tank  
  33  4:02  Fusion Core  
  33  4:11  SCV  
  33  4:12  Orbital Command  
  34  4:23  SCV  
  35  4:35  SCV  
  36  4:39  Factory Tech Lab  
  36  4:55  Battlecruiser  
  36  4:59  Supply Depot  
  42  5:01  SCV  
  42  5:02  SCV, Battlecruiser  
  42  5:06  Engineering Bay  
  50  5:15  Armory  
  50  5:18  SCV x2  
  52  5:23  Supply Depot  
  52  5:30  SCV x2  
  54  5:37  Weapon Refit  
  54  5:44  SCV x2  
  56  5:56  SCV x2  
  58  6:00  Battlecruiser  
  64  6:15  SCV x2  
  66  6:25  Terran Vehicle And Ship Armor Level 1  
  66  6:27  SCV  
  66  6:28  SCV, Armory  
  68  6:37  Supply Depot  
  68  6:39  SCV  
  69  6:46  SCV  
  70  6:55  Command Center  
  70  6:59  SCV, Battlecruiser  
  70  7:01  Supply Depot  
  77  7:16  Terran Ship Weapons Level 1  
  77  7:19  SCV  
  84  7:23  SCV, Battlecruiser  
  84  7:26  Supply Depot  
  85  7:35  Missile Turret  
  85  7:47  Cyclone  
  88  7:56  SCV x2, Missile Turret  
  90  8:03  Supply Depot  
  90  8:06  Orbital Command, Battlecruiser  
  90  8:10  Command Center  
  96  8:17  Missile Turret  
  96  8:23  Terran Vehicle And Ship Armor Level 2  
  102  8:27  Battlecruiser  
  102  8:44  SCV x2  
  104  8:50  Missile Turret  
  104  8:52  Supply Depot  
  104  8:54  Orbital Command  
  104  8:56  SCV  
  105  9:08  Refinery  
  105  9:10  Missile Turret  
  105  9:12  Refinery  
  105  9:13  Battlecruiser  
  105  9:32  Missile Turret  
  104  9:42  Battlecruiser  
  104  9:44  Terran Ship Weapons Level 2  
  110  9:52  Command Center  
  109  9:53  Missile Turret  
  107  10:04  SCV  
  107  10:05  SCV  
  106  10:13  Starport  
  106  10:19  Starport  
  106  10:20  SCV x2  
  108  10:22  Battlecruiser  
  108  10:27  Missile Turret  
  114  10:33  Supply Depot  
  114  10:40  SCV x2  
  116  10:43  Terran Vehicle And Ship Armor Level 3  
  116  10:49  Orbital Command  
  116  10:54  Starport Tech Lab  
  116  10:55  Starport Tech Lab  
  116  11:01  Battlecruiser, Missile Turret  
  122  11:12  Command Center  
  122  11:15  Supply Depot  
  122  11:16  SCV x3  
  125  11:23  Battlecruiser  
  131  11:34  Refinery  
  131  11:35  Refinery  
  131  11:43  Battlecruiser  
  137  11:47  SCV x3  
  140  12:04  Terran Ship Weapons Level 3  
  140  12:33  SCV x3  
  140  12:35  Orbital Command  
  143  12:38  Battlecruiser  
  143  12:41  Battlecruiser  
  155  12:46  Orbital Command  
  155  12:59  Battlecruiser  
  131  13:16  Refinery  
  107  13:26  Battlecruiser  
  113  13:42  Battlecruiser  
  113  14:02  Battlecruiser  
  113  14:18  SCV x4  
  113  14:20  SCV  
  118  14:25  Battlecruiser  
  130  15:05  SCV x4  
  134  15:08  SCV  
  134  15:12  Refinery  
Tags
 
Add a new tag
Caveats
  • Supply blocks, unpowered buildings, or Contaminate may cause inaccurate times.
  • Supply counts are checked every 10 seconds.